 Dungeon Crawl Stone Soup version 0.19.1-1-g22dce08 (webtiles) character file.

220 M4edhros the Chopper (level 5, -4/70 HPs)
             Began as a Minotaur Berserker on Jan 5, 2017.
             Was a Believer of Trog.
             Slain by a bullfrog zombie (6 damage)
             ... in an ossuary.
             The game lasted 00:01:08 (656 turns).

M4edhros the Chopper (Minotaur Berserker)            Turns: 656, Time: 00:01:09

Health: -4/70      AC:  5    Str: 24 (26) XL:     5   Next: 64%
Magic:  4/4        EV: 12    Int:  5 (7)  God:    Trog [**....]
Gold:   37         SH:  0    Dex:  8 (11) Spells: 0 memorised, 4 levels left

rFire  . . .     SeeInvis .     a - +0 hand axe
rCold  . . .     Gourm    .     i - +0 ring mail
rNeg   . . .     Faith    .     (no shield)
rPois  .         Spirit   .     (helmet restricted)
rElec  .         Reflect  .     (no cloak)
rCorr  .         Harm     .     (no gloves)
MR     .....                    (no boots)
Stlth  ..........               (no amulet)
                                (no ring)
                                e - +3 ring of intelligence

@: berserking (expiring), very quick
A: retaliatory headbutt, horns 2
a: Berserk, Trog's Hand, Burn Spellbooks, Renounce Religion


You were in an ossuary.
You worshipped Trog.
Trog was pleased with you.
You were very hungry.

You visited 1 branch of the dungeon, and saw 4 of its levels.
You also visited: Ossuary.

You collected 37 gold pieces.

Inventory:

Hand Weapons
 a - a +0 hand axe (weapon)
Armour
 b - a +0 animal skin
 i - a +0 ring mail (worn)
Jewellery
 e - a +3 ring of intelligence (left hand)
Wands
 l - a wand of hasting (3/9)
Scrolls
 g - 2 scrolls of identify {unknown}
 j - a scroll of random uselessness {unknown}
 k - a scroll of amnesia {unknown}
Potions
 d - 2 potions of agility
Comestibles
 c - 2 bread rations
 f - 4 chunks of flesh
 h - a meat ration


   Skills:
 + Level 4.6 Fighting
 * Level 5.8 Axes
 + Level 3.8 Armour
 + Level 3.3 Dodging


You had 4 spell levels left.
You didn't know any spells.

Dungeon Overview and Level Annotations

Branches:
Dungeon (4/15)
 Temple: D:4-7

Altars:


Innate Abilities, Weirdness & Mutations

You reflexively headbutt those who attack you in melee.
You have a pair of horns on your head.


Message History

You are too injured to fight recklessly!
Unknown command.
You are too injured to fight recklessly!
Unknown command.
You are too injured to fight recklessly!
Unknown command.
You slash the bullfrog zombie!
Your headbutt misses the bullfrog zombie.
The bullfrog zombie is heavily damaged.
You barely miss the mummy. You closely miss the adder zombie.
You closely miss the water moccasin zombie.
The water moccasin zombie bites you but does no damage.
The bullfrog zombie hits you.
* * * LOW HITPOINT WARNING * * *
The adder zombie bites you but does no damage.
Your unstable footing causes you to fumble your attack.
The water moccasin zombie bites you.
* * * LOW HITPOINT WARNING * * *
The bullfrog zombie hits you.
You die...

≈#P# #≈≈#
≈≈≈
###≈#####
#.+≈#...#
#≈#.'.∩.#
##P≈≈#..∩#
#≈≈≈≈#####
##PZ@Z.#
#≈≈MZ###
≈≈≈≈#P≈≈#
≈##≈≈≈#≈'
≈≈≈≈≈.+≈#.
≈#≈#≈##.###
#≈≈#≈ ≈..
## #≈ #≈#
#P#


You could see a mummy, an adder zombie, a water moccasin zombie and a bullfrog
zombie.

Vanquished Creatures
  Blork the orc (D:4)
  A mummy (Ossuary)
  2 orc priests (D:4)
  A howler monkey zombie (Ossuary)
  2 adders
  An ooze (D:2)
  An adder skeleton (D:4)
  8 orcs (D:4)
  3 bats
  2 giant cockroaches
  4 goblins
  A hobgoblin (D:3)
  A frilled lizard (D:2)
  3 kobolds
  4 rats
35 creatures vanquished.

Vanquished Creatures (others)
  A withered plant (Ossuary)
1 creature vanquished.

Grand Total: 36 creatures vanquished

Notes
Turn   | Place    | Note
-------+----------+-------------------------------------------
     0 | D:1      | M4edhros the Minotaur Berserker began the quest for the Orb.
     0 | D:1      | Reached XP level 1. HP: 19/19 MP: 0/0
   219 | D:2      | Reached XP level 2. HP: 24/27 MP: 1/1
   255 | D:2      | Reached skill level 4 in Axes
   358 | D:3      | Reached XP level 3. HP: 30/33 MP: 2/2
   453 | D:4      | Noticed Blork the orc
   464 | D:4      | Killed Blork the orc
   464 | D:4      | Reached skill level 5 in Axes
   464 | D:4      | Reached XP level 4. HP: 10/40 MP: 3/3
   527 | D:4      | Reached ** piety under Trog
   535 | D:4      | Reached XP level 5. HP: 8/47 MP: 4/4
   624 | D:4      | Found a sand-covered staircase.
   628 | Ossuary  | Entered an ossuary
   656 | Ossuary  | HP: 2/70 [water moccasin zombie (4)]
   656 | Ossuary  | Slain by a bullfrog zombie

Skill      XL: |  1  2  3  4  5 |
---------------+----------------+-----
Axes           | 4 5 |  5.8
Armour         | 3 |  3.8
Fighting       | 4 |  4.6
Dodging        | 3 |  3.3

Action                   |  1- 3 |  4- 6 || total
-------------------------+-------+-------++-------
Melee: Hand axe          |    45 |    36 ||    81
       Headbutt          |    10 |     8 ||    18
Invok: Burn Spellbooks   |     1 |       ||     1
       Berserk           |     1 |     2 ||     3
       Trog's Hand       |       |     1 ||     1
  Use: Potion            |       |     2 ||     2
  Eat: Chunk             |       |     1 ||     1
Armor: Ring mail         |    10 |    12 ||    22
       Animal skin       |     2 |       ||     2
Dodge: Dodged            |    26 |    30 ||    56
